 Dungeon Crawl Stone Soup version 0.27.1-35-g4d5d836560 (webtiles) character file.

Game seed: 6010841184454721292

912 Froggeryz the Basher (level 8, -10/49 (52) HPs)
             Began as an Octopode Berserker on Dec 2, 2022.
             Was a Priest of Trog.
             Mangled by a wight (11 damage)
             ... on level 5 of the Dungeon.
             The game lasted 00:03:18 (4397 turns).

Froggeryz the Basher (Octopode Berserker)           Turns: 4397, Time: 00:03:18

HP:   -10/49 (52)   AC:  1    Str: 16    XL:     8   Next: 9%
MP:   8/8           EV: 13    Int: 10    God:    Trog [***...]
Gold: 171           SH:  0    Dex: 13    Spells: 7/7 levels left

rFire    . . .     SeeInvis .   a - +0 mace
rCold    + . .     Faith    +   (no shield)
rNeg     + . .     Spirit   .   (helmet restricted)
rPois    .         Reflect  .   d - amulet of faith
rElec    .         Harm     .   r - ring of protection from cold
rCorr    .         Rampage  .   s - ring of positive energy
Will     .....                  (no ring)
Stlth    ++........             (no ring)
HPRegen  0.16/turn              (no ring)
MPRegen  0.11/turn              (no ring)
                                (no ring)
                                (no ring)

@: on berserk cooldown, slowed, drained, very slow
A: almost no armour, amphibious, 8 rings, camouflage 1, gelatinous body 1,
(nimble swimmer 1), tentacles
a: Renounce Religion, Berserk, Trog's Hand


You were on level 5 of the Dungeon.
You worshipped Trog.
Trog was most pleased with you.
You visited 1 branch of the dungeon, and saw 5 of its levels.

You collected 171 gold pieces.

Inventory:

Hand Weapons
 a - a +0 mace (weapon)
 o - a +4 dagger of draining
Missiles
 j - 2 curare-tipped darts (quivered)
Armour
 f - a +0 buckler
Jewellery
 d - an amulet of faith (around mantle)
 r - a ring of protection from cold (left tentacle)
 s - a ring of positive energy (right tentacle)
Wands
 n - a wand of acid (8)
Scrolls
 b - 3 scrolls of summoning {unknown}
 c - a scroll of enchant weapon {unknown}
 e - a scroll of enchant armour {unknown}
 i - 3 scrolls of identify {unknown}
 l - 2 scrolls of teleportation {unknown}
 m - 2 scrolls of noise {unknown}
 q - a scroll of immolation {unknown}
Potions
 g - 2 potions of curing {unknown}
 h - a potion of ambrosia {unknown}
 k - 2 potions of might {unknown}
 p - a potion of mutation {unknown}


   Skills:
 - Level 3.4 Fighting
 * Level 8.0 Maces & Flails
 - Level 3.0 Dodging
 + Level 4.5 Shields


You had 7 spell levels left.
You didn't know any spells.
Your spell library was empty.

Dungeon Overview and Level Annotations

Branches:
Dungeon (5/15)
 Temple: D:4-7

Altars:
Gozag
Nemelex Xobeh
Ru
Wu Jian


Innate Abilities, Weirdness & Mutations

You cannot wear most types of armour.
You are amphibious.
You can wear up to eight rings at the same time.
Your skin changes colour to match your surroundings (Stealth+).
Your rubbery body absorbs attacks. (AC +1, EV +1)
((You are camouflaged near water. (Stealth+)))
You have tentacles for arms and can constrict up to eight enemies at once.


Message History

The wight is lightly damaged.
The wight hits you with a +3 dagger! You partially resist.
You feel drained.
You barely miss the wight. You grab the wight.
The wight is lightly damaged.
You constrict the wight, but do no damage.
The wight hits you with a +3 dagger!
You hit the wight but do no damage.
You squeeze the wight, but do no damage.
The wight is lightly damaged.
You constrict the wight. The wight hits you with a +3 dagger.
You barely miss the wight.
You squeeze the wight, but do no damage.
The wight is moderately damaged.
You constrict the wight. The wight hits you with a +3 dagger.
* * * LOW HITPOINT WARNING * * *
You partially resist.
You feel drained.
A red film seems to cover your vision as you go berserk!
You feel yourself moving faster!
You feel mighty!
You constrict the wight. The wight closely misses you.
You sock the wight!
You destroy the wight!
Trog accepts your kill.
Your Maces & Flails skill increases to level 8!
Things that are here:
a +3 dagger; a +0 robe A wight comes into view.
It is wielding a +3 scimitar.
You feel a strong urge to attack something.
Things that are here:
a +3 dagger; a +0 robe You feel your anger nearly subside.
You are no longer berserk.
You are exhausted.
You feel yourself slow down.
Found a stone staircase leading up.
The wight hits you with a +3 scimitar!
* * * LOW HITPOINT WARNING * * *
The wight closely misses you.
You sock the wight! You grab the wight.
You squeeze the wight, but do no damage.
The wight is heavily damaged.
You constrict the wight. The wight hits you with a +3 scimitar!
You die...

....# #.###.# #)#
......#
...#####.###.# #.#
.#..#..
.............# #.#
. .. ..
.#######..#### #.#
## ## ##
#......####.## .
#..##...##...# ##
#..##...)....####
#.........).)....
#.#######@###.....
.........z..###..
####<..........#
####.##.###. #.#
.# #.# # #.# #..


You could see a wight.

Vanquished Creatures
  Grinder (D:3)
  A water moccasin (D:5)
  Blork the orc (D:5)
  A scorpion (D:4)
  A water moccasin zombie (D:5)
  2 wights (D:5)
  2 jellies
  An orc priest (D:3)
  A hound (D:4)
  Jessica (D:2)
  Ijyb (D:3)
  An iguana (D:4)
  7 adders
  A shadow imp (D:5)
  A white imp (D:5)
  2 worms (D:2)
  5 dart slugs
  4 orcs
  4 endoplasms
  2 giant cockroaches
  5 goblins
  9 hobgoblins
  8 jackals
  6 quokkas
  4 ball pythons
  6 bats
  3 frilled lizards (D:1)
  2 kobolds
  3 rats
86 creatures vanquished.

Notes
Turn   | Place    | Note
-------+----------+-------------------------------------------
     0 | D:1      | Froggeryz the Octopode Berserker began the quest for the
                  | Orb.
     0 | D:1      | Reached XP level 1. HP: 16/16 MP: 1/1
   122 | D:1      | Found a faded altar of an unknown god.
   194 | D:1      | Reached XP level 2. HP: 21/21 MP: 2/2
   705 | D:2      | Reached XP level 3. HP: 26/26 MP: 3/3
   790 | D:2      | Reached skill level 4 in Maces & Flails
   889 | D:2      | Noticed Jessica
   896 | D:2      | Killed Jessica
   896 | D:2      | Reached ** piety under Trog
   897 | D:2      | Reached skill level 1 in Shields
   897 | D:2      | Reached XP level 4. HP: 25/31 MP: 4/4
  1853 | D:3      | Reached skill level 5 in Maces & Flails
  1853 | D:3      | Reached XP level 5. HP: 18/36 MP: 5/5
  1997 | D:3      | Found an opulent altar of Gozag.
  1998 | D:3      | Found a sparkling altar of Nemelex Xobeh.
  2245 | D:3      | Noticed Ijyb
  2251 | D:3      | Killed Ijyb
  2447 | D:3      | Noticed Grinder
  2452 | D:3      | Paralysed by Grinder for 5 turns
  2468 | D:3      | Killed Grinder
  2469 | D:3      | Reached skill level 6 in Maces & Flails
  2469 | D:3      | Reached XP level 6. HP: 16/42 MP: 6/6
  3121 | D:4      | Reached XP level 7. HP: 36/46 MP: 7/7
  3397 | D:4      | Found a sacrificial altar of Ru.
  3397 | D:4      | Found an ornate altar of the Wu Jian Council.
  3432 | D:4      | Reached *** piety under Trog
  4016 | D:5      | Entered Level 5 of the Dungeon
  4056 | D:5      | Reached skill level 7 in Maces & Flails
  4127 | D:5      | Noticed Blork the orc
  4137 | D:5      | Killed Blork the orc
  4282 | D:5      | Reached XP level 8. HP: 35/52 MP: 8/8
  4392 | D:5      | Reached skill level 8 in Maces & Flails
  4396 | D:5      | HP: 1/49 [wight (12)]
  4397 | D:5      | Mangled by a wight

Illustrated notes

Levels and vault maps discovered:
D:1:      dpeg_arrival_lava_altar, layout_rooms, ebering_ecumenical_altar_mist
D:2:      layout_loops_ring, minivault_27, uniq_jessica
D:3:      layout_loops_ring, grunt_temple_overflow_opulence, uniq_grinder,
          uniq_ijyb
D:4:      layout_loops_ring, grunt_temple_overflow_open,
          kennysheep_generic_room_10
D:5:      layout_loops_ring, uniq_blork_the_orc

Skill      XL: |  1  2  3  4  5  6  7  8 |
---------------+-------------------------+-----
Maces & Flails | 4 5 6 7 8 |  8.0
Shields        | 1 3 4 |  4.5
Fighting       | |  3.4
Dodging        | |  3.0

Action                   |  1- 3 |  4- 6 |  7- 9 || total
-------------------------+-------+-------+-------++-------
Melee: Mace              |    45 |    73 |    71 ||   189
       Constrict         |    16 |    19 |    17 ||    52
       Tentacles         |     6 |    15 |    16 ||    37
       Dagger            |       |     5 |       ||     5
Invok: Berserk           |       |     2 |     3 ||     5
       Trog's Hand       |       |     1 |       ||     1
 Stab: Sleeping          |     1 |     7 |     3 ||    11
Armor: Skin              |     6 |     4 |     2 ||    12
Dodge: Dodged            |    30 |    47 |    40 ||   117
